 Dungeon Crawl Stone Soup version 0.19-a0-1626-g5215c36 (webtiles) character file.

424 4thArraOfDagon the Slasher (level 6, 0/47 HPs)
             Began as a Vampire Gladiator on Sept 18, 2016.
             Was an Initiate of Okawaru.
             Killed from afar by an orc wizard (8 damage)
             ... with a puff of flame
             ... on level 4 of the Dungeon.
             The game lasted 00:04:02 (792 turns).

4thArraOfDagon the Slasher (Vampire Gladiator)       Turns: 792, Time: 00:04:03

Health: 0/47       AC:  9    Str: 14    XL:     6   Next: 64%
Magic:  5/5        EV: 17    Int: 12    God:    Okawaru [......]
Gold:   52         SH:  0    Dex: 20    Spells: 0 memorised, 5 levels left

rFire  . . .     SeeInvis +     a - +0 long sword
rCold  . . .     Gourm    .     j - +0 scale mail
rNeg   . . .     Faith    .     (no shield)
rPois  .         Spirit   .     c - +0 helmet
rElec  .         Dismiss  .     (no cloak)
rCorr  .         Reflect  .     h - +1 pair of gloves
MR     .....     Harm     .     (no boots)
Stlth  +.........               (no amulet)
                                (no ring)
                                (no ring)

@: agile, regenerating quickly
A: fangs 3, see invisible, low mp 1, mutation resistance 1, unbreathing
a: Renounce Religion


You were on level 4 of the Dungeon.
You worshipped Okawaru.
Okawaru was noncommittal.
You were almost alive.

You visited 2 branches of the dungeon, and saw 6 of its levels.

You collected 52 gold pieces.

Inventory:

Hand Weapons
 a - a +0 long sword (weapon)
Missiles
 d - 4 throwing nets (quivered)
Armour
 b - a +0 leather armour
 c - a +0 helmet (worn)
 h - a +1 pair of gloves (worn)
 j - a +0 scale mail (worn)
Wands
 g - a wand of confusion (21/48)
 l - a wand of slowing (11/48)
Potions
 e - a potion of blood
 f - a potion of magic
 m - a potion of agility


   Skills:
 + Level 3.3 Fighting
 * Level 5.8 Long Blades
 - Level 1.5 Throwing
 + Level 5.0 Dodging


You had 5 spell levels left.
You didn't know any spells.

Dungeon Overview and Level Annotations

Branches:
Dungeon (5/15)             Temple (1/1) D:5

Altars:
Ashenzari
Cheibriados
Gozag
Okawaru
Zin


Innate Abilities, Weirdness & Mutations

Your natural rate of healing is unusually fast.
You have razor-sharp teeth.
You have supernaturally acute eyesight. (SInv)
You can survive without breathing.
Your magical capacity is low. (-10% MP)
You are somewhat resistant to further mutation.


Message History

The orc misses you. The orc wizard casts a spell at you.
The magic dart hits you!
* * * LOW HITPOINT WARNING * * *
Unknown command.
Unknown command.
Unknown command.
Unknown command.
Unknown command.
Unknown command.
Unknown command.
Unknown command.
Unknown command.
Unknown command.
Unknown command.
Unknown command.
The orc closely misses you.
The orc wizard gestures at you while chanting.
The puff of flame hits you!
You die...

.# .#### ....
############ ##..#
#..........# #...#
#.....>....#####.#.#
#..........@.oo....##
###########o###..)).#
#.>.....#.....
#.....).##..$.
#.%....)$.o...o
##......###....
#......# .. #......#
#......#


You could see an orc wizard (invisible) and 2 orcs.

Vanquished Creatures
  An ogre (D:4)
  A bullfrog (D:4)
  A bullfrog zombie (D:5)
  2 hounds (D:5)
  2 orc priests (D:5)
  3 worker ants (D:5)
  A hound zombie (D:5)
  An adder skeleton (D:4)
  A worm (D:4)
  3 leopard geckos
  13 orcs
  A bat (D:3)
  2 giant cockroaches (D:3)
  A goblin (D:1)
  3 kobolds
  3 quokkas
  A frilled lizard (D:3)
  2 rats (D:2)
42 creatures vanquished.

Notes
Turn   | Place    | Note
-------+----------+-------------------------------------------
     0 | D:1      | 4thArraOfDagon the Vampire Gladiator began the quest for the Orb.
     0 | D:1      | Reached XP level 1. HP: 16/16 MP: 1/1
   158 | D:3      | Reached XP level 2. HP: 22/22 MP: 2/2
   283 | D:4      | Noticed an ogre
   293 | D:4      | Killed an ogre
   293 | D:4      | Reached XP level 3. HP: 28/28 MP: 3/3
   293 | D:4      | Reached XP level 4. HP: 34/34 MP: 4/4
   322 | D:4      | Noticed a bullfrog
   327 | D:4      | Killed a bullfrog
   327 | D:4      | Reached XP level 5. HP: 30/39 MP: 5/5
   335 | D:4      | You fall through a shaft!
   335 | D:5      | Entered Level 5 of the Dungeon
   366 | D:5      | jacquesderrida: Godeng slayers smh
   424 | D:5      | Found a staircase to the Ecumenical Temple.
   435 | D:5      | Reached skill level 5 in Long Blades
   440 | Temple   | Entered the Ecumenical Temple
   460 | Temple   | Became a worshipper of Warmaster Okawaru
   486 | D:4      | Found an opulent altar of Gozag.
   584 | D:5      | Reached XP level 6. HP: 40/47 MP: 6/6
   606 | D:5      | Gained mutation: You are somewhat resistant to further mutation. [potion of mutation]
   606 | D:5      | Gained mutation: Your magical capacity is low. (-10% MP) [potion of mutation]
   693 | D:5      | Reached skill level 5 in Dodging
   792 | D:4      | Killed from afar by an orc wizard

Vault maps used:
D:1:      dpeg_arrival_rooms_b
D:2:      uniq_jessica, uniq_natasha
D:4:      led_sif_book, first_bread, minmay_misc_feat_diagonals,
          nicolae_gozag_seed_capital
D:5:      makhleb_grotto_becter, kiku_gazebo_pond_becter
Temple:   minmay_crystal_spiral_temple

Skill      XL: |  1  2  3  4  5  6 |
---------------+-------------------+-----
Fighting       | 2 3 |  3.3
Long Blades    | 4 5 |  5.8
Dodging        | 4 5 |  5.0
Throwing       | |  1.5

Action                   |  1- 3 |  4- 6 || total
-------------------------+-------+-------++-------
Melee: Long sword        |    59 |   133 ||   192
       Bite              |     6 |    22 ||    28
Throw: Throwing net      |     2 |       ||     2
Evoke: Wand              |       |     2 ||     2
  Use: Scroll            |     1 |     7 ||     8
       Potion            |       |     4 ||     4
  Eat: Corpse            |     4 |     6 ||    10
Armor: Leather armour    |     3 |       ||     3
       Scale mail        |    13 |    55 ||    68
Dodge: Dodged            |    27 |    82 ||   109
